 Dungeon Sprint DCSS version 0.30-a0-1160-g6e42c06551 (webtiles) character file.

Game seed: 8235690579100413725

2328 fozzywoppz the Spear-Bearer (level 9, -1/85 HPs)
             Began as a Minotaur Fighter on Apr 26, 2023.
             Was a Priest of Okawaru.
             Hit by a large rock thrown by a cyclops (12 damage)
             ... in the Dungeon (Sprint IX: "|||||||||||||||||||||||||||||").
             The game lasted 00:04:06 (369 turns).

fozzywoppz the Spear-Bearer (Minotaur Fighter)       Turns: 369, Time: 00:04:07

Health: -1/85      AC: 11    Str: 25    XL:     9   Next: 19%
Magic:  11/14      EV: 15    Int:  5    God:    Okawaru [***...]
Gold:   0          SH:  0    Dex: 16    Spells: 8/8 levels left

rFire   . . .        r - +2 halberd (venom)
rCold   . . .        (shield currently unavailable)
rNeg    . . .        b - +0 scale mail
rPois   .            (helmet restricted)
rElec   .            (no cloak)
rCorr   .            p - +0 pair of gloves
SInv    .            q - +0 pair of boots
Will    .....        (no amulet) Stlth
                     n - +3 ring of strength
HPRegen 0.34/turn    o - +3 ring of dexterity
MPRegen 0.14/turn

%: no teleportation
@: mighty, lethally poisoned (-1 -> -3), hasted, very quick
A: horns 2, retaliatory headbutt
a: Renounce Religion, Heroism


You were in the Dungeon.
You worshipped Okawaru.
Okawaru was most pleased with you.
You visited 1 branch

Inventory:

Hand Weapons
 a - a +0 trident
 r - a +2 halberd of venom (weapon)
Armour
 b - a +0 scale mail (worn)
 c - a +0 buckler
 p - a +0 pair of gloves (worn)
 q - a +0 pair of boots (worn)
Jewellery
 n - a +3 ring of strength (left hand)
 o - a +3 ring of dexterity (right hand)
Wands
 m - a wand of iceblast (10)
Scrolls
 j - a scroll of blinking
 l - 2 scrolls of amnesia
Potions
 e - 3 potions of curing
 h - 4 potions of magic
 i - a potion of berserk rage
 k - a potion of invisibility


   Skills:
 - Level 10.0 Fighting
 + Level 14.2 Polearms
 - Level 10.0 Armour
 + Level 8.7 Dodging
 - Level 10.0 Shields
 + Level 8.0 Invocations


You had 8 spell levels left.
You didn't know any spells.
Your spell library was empty.

Dungeon Overview and Level Annotations

Branches:
Dungeon (1/1)

Altars:
Cheibriados
Dithmenos
Elyvilon
Fedhas
Gozag
Hepliaklqana
Kikubaaqudgha
Makhleb
Nemelex Xobeh
Okawaru
Qazlal
Ru
Sif Muna
Trog
Uskayaw
Vehumet
Wu Jian
Xom
Yredelemnul
Zin
The Shining One
Jiyva
Lugonu


Innate Abilities, Weirdness & Mutations

You have a pair of horns on your head.
You reflexively headbutt those who attack you in melee.


Message History

You feel stronger. x2
Okay, then.
You feel much better.
You slice the gargoyle!!
The gargoyle is severely damaged.
The gargoyle closely misses you.
You hit the gargoyle. Your headbutt misses the gargoyle.
The gargoyle is almost destroyed.
You hit the gargoyle but do no damage.
The gargoyle is almost destroyed.
The gargoyle barely misses you.
You puncture the gargoyle!
You destroy the gargoyle!
Okawaru accepts your kill.
Your Polearms skill increases to level 14!
Your Invocations skill increases to level 8!
You hit something. You miss something. Something hits you but does no damage.
You are poisoned.
You miss something. Your headbutt misses something.
You feel sick.
The cyclops throws a large rock.
The large rock hits you!!
* * * LOW HITPOINT WARNING * * *
You slice something!! Okawaru accepts your kill.
Reactivating autopickup.
You feel a bit more experienced.
Unknown command.
Deactivating autopickup; reactivate with Ctrl-A.
You barely miss something.
You feel sick.
Something hits you but does no damage. x2
You closely miss something.
You feel sick. Something hits you but does no damage.
You slice something!! Something hits you.
* * * LOW HITPOINT WARNING * * *
You impale something!! Okawaru accepts your kill.
Reactivating autopickup.
You feel a bit more experienced.
You feel sick.
The cyclops throws a large rock.
The large rock hits you!
You die... ▓▓▓▓▓▓▓▓▓▓▓▓▓▓▓▓▓▓▓▓▓▓▓▓ ....C.)@.....'..[..))†.' ▓▓▓▓▓▓▓▓▓▓▓▓▓▓▓▓▓▓▓▓▓▓▓▓

You could see a cyclops.

Vanquished Creatures
  A tengu warrior (D)
  A manticore (D)
  A gargoyle (D)
  2 unseen horrors (D)
  A troll (D)
  A yak (D)
  A wraith (D)
  2 black bears (D)
  A kobold brigand (D)
  A killer bee (D)
  A hound (D)
  An orc wizard (D)
  2 adders (D)
  2 endoplasms (D)
  A ball python (D)
  A bat (D)
  A frilled lizard (D)
21 creatures vanquished.

Notes
Turn   | Place    | Note
-------+----------+-------------------------------------------
     0 | D        | fozzywoppz the Minotaur Fighter began the quest for the
                  | Orb.
     0 | D        | Reached XP level 1. HP: 19/19 MP: 0/0
     9 | D        | Reached skill level 3 in Polearms
    17 | D        | Noticed a hound
    17 | D        | Noticed a black bear
    17 | D        | Noticed a black bear
    26 | D        | Killed a black bear
    27 | D        | Reached skill level 5 in Polearms
    27 | D        | Reached XP level 2. HP: 20/31 MP: 1/1
    27 | D        | Reached XP level 3. HP: 24/38 MP: 2/2
    27 | D        | Reached XP level 4. HP: 29/45 MP: 3/3
    33 | D        | Killed a black bear
    34 | D        | Reached skill level 7 in Polearms
    34 | D        | Reached XP level 5. HP: 28/53 MP: 4/4
    45 | D        | Found a snail-covered altar of Cheibriados.
    45 | D        | Found a shadowy altar of Dithmenos.
    45 | D        | Found a white marble altar of Elyvilon.
    45 | D        | Found a blossoming altar of Fedhas.
    45 | D        | Found an opulent altar of Gozag.
    46 | D        | Found a hazy altar of Hepliaklqana.
    47 | D        | Found a viscous altar of Jiyva.
    48 | D        | Found an ancient bone altar of Kikubaaqudgha.
    49 | D        | Found a corrupted altar of Lugonu.
    50 | D        | Found a burning altar of Makhleb.
    51 | D        | Found a sparkling altar of Nemelex Xobeh.
    52 | D        | Found an iron altar of Okawaru.
    53 | D        | Found a stormy altar of Qazlal.
    54 | D        | Found a sacrificial altar of Ru.
    55 | D        | Found a shimmering blue altar of Sif Muna.
    56 | D        | Found a bloodstained altar of Trog.
    57 | D        | Found a hide-covered altar of Uskayaw.
    58 | D        | Found a radiant altar of Vehumet.
    59 | D        | Found an ornate altar of the Wu Jian Council.
    60 | D        | Found a shimmering altar of Xom.
    61 | D        | Found a basalt altar of Yredelemnul.
    66 | D        | Became a worshipper of Warmaster Okawaru
    69 | D        | Found a glowing silver altar of Zin.
    70 | D        | Found a glowing golden altar of the Shining One.
   145 | D        | Noticed a yak
   145 | D        | Noticed a wraith
   145 | D        | Noticed a troll
   146 | D        | HP: 2/53 [troll (8)]
   154 | D        | Killed a troll
   154 | D        | Reached * piety under Okawaru
   155 | D        | Reached skill level 9 in Polearms
   155 | D        | Reached XP level 6. HP: 34/64 MP: 5/5
   162 | D        | Reached XP level 7. HP: 36/71 MP: 6/6
   165 | D        | Killed a wraith
   166 | D        | Reached skill level 10 in Fighting
   166 | D        | Reached skill level 10 in Polearms
   166 | D        | Reached skill level 10 in Armour
   166 | D        | Reached skill level 10 in Shields
   173 | D        | Killed a yak
   173 | D        | Reached ** piety under Okawaru
   174 | D        | Reached skill level 11 in Polearms
   179 | D        | Killed an unseen horror
   180 | D        | Reached skill level 12 in Polearms
   180 | D        | Reached XP level 8. HP: 25/79 MP: 6/10
   182 | D        | Reached skill level 5 in Dodging
   344 | D        | Noticed a cyclops
   344 | D        | Noticed a gargoyle
   344 | D        | Noticed a manticore
   344 | D        | Noticed a tengu warrior
   352 | D        | Killed a tengu warrior
   353 | D        | Reached skill level 13 in Polearms
   356 | D        | Killed a manticore
   356 | D        | Reached *** piety under Okawaru
   357 | D        | Reached XP level 9. HP: 16/85 MP: 10/13
   361 | D        | Killed a gargoyle
   362 | D        | Reached skill level 14 in Polearms
   369 | D        | Killed an unseen horror
   369 | D        | Hit by a large rock thrown by a cyclops

Illustrated notes

Levels and vault maps discovered:
D:        linesprint [early_d, line_temple, items_1, d_10, items_2, lair_1,
          lair_end, items_3, orc_1, orc_end, items_4, d_15, swamp_1, shoals_1,
          snake_1, spider_1, d_20, vaults_1, items_5, swamp_end, shoals_end,
          snake_end, spider_end, vaults_end, d_27, items_6, zot_1, zot_end,
          crypt_end, forest_end, elf_end, slime_end, tomb_end, abyss_end,
          pan_hell_end]

Skill      XL: |  1  2  3  4  5  6  7  8  9 |
---------------+----------------------------+-----
Shields        | 6 7 9 10 | 10.0
Fighting       | 6 7 9 10 | 10.0
Polearms       | 5 7 9 12 13 14 | 14.2
Armour         | 6 7 9 10 | 10.0
Dodging        | 4 8 |  8.7
Invocations    | 4 7 8 |  8.0

Action                     |  1- 3 |  4- 6 |  7- 9 || total
---------------------------+-------+-------+-------++-------
  Melee: Trident           |    16 |    12 |       ||    28
         Headbutt          |     5 |     6 |     5 ||    16
         Halberd           |       |     6 |    40 ||    46
    Use: Potion            |       |     3 |     4 ||     7
         Scroll            |       |     1 |       ||     1
 Armour: Scale mail        |    14 |     6 |    18 ||    38
  Dodge: Dodged            |    11 |    10 |    12 ||    33
  Block: Buckler           |     6 |     2 |       ||     8

Table legend: (Time is in decaauts)
 A = Elapsed time spent in this place.
 B = Non-inter-level travel time spent in this place.
 C = Inter-level travel time spent in this place.
 D = Time resting spent in this place.
 E = Time spent auto-exploring this place.
 F = Levels seen in this place.
 G = Mean time per level.
                   A        B        C        D        E       F      G
               +--------+--------+--------+--------+--------+-----+--------+
         Total |    361 |    361 |      0 |    146 |      0 |   1 |  361.0 |
       Dungeon |    361 |    361 |      0 |    146 |      0 |   1 |  361.0 |
               +--------+--------+--------+--------+--------+-----+--------+

Top non-repeatable levels by time:
       D: 361 daAuts
